 Dungeon Crawl Stone Soup version 0.31-a0-355-g57cb03d3e8 (webtiles) character file.

Game seed: 3826060505803391286

654 cforsyth the Charlatan (level 7, 0/53 HPs)
             Began as a Gnoll Artificer on July 24, 2023.
             Slain by a yak (11 damage)
             ... on level 3 of the Dungeon.
             The game lasted 00:07:55 (5132 turns).

cforsyth the Charlatan (Gnoll Artificer)            Turns: 5132, Time: 00:07:55

Health: 0/53       AC: 11    Str: 11    XL:     7   Next: 54%
Magic:  10/10      EV:  6    Int: 13    God:
Gold:   248        SH:  4    Dex: 12    Spells: 11/11 levels left

rFire   . . .        C - +1 hand axe (freeze)
rCold   . . .        x - +0 buckler
rNeg    + . .        h - +0 chain mail
rPois   .            (no helmet)
rElec   .            (no cloak)
rCorr   .            g - +0 pair of gloves
SInv    .            (no boots)
Will    .....        q - amulet of regeneration Stlth
                     t - ring of positive energy
HPRegen 1.08/turn    (no ring)
MPRegen 0.12/turn

%: no passive effects
@: no status effects
A: fangs 1, strong nose, distributed training
a: no special abilities


You were on level 3 of the Dungeon.
You visited 1 branch of the dungeon, and saw 4 of its levels.

You collected 248 gold pieces.

Inventory:

Hand Weapons
 a - a +0 club
 y - a +0 mace
 A - a +0 flail
 C - a +1 hand axe of freezing (weapon)
Missiles
 i - 2 throwing nets
Armour
 b - a +0 leather armour
 g - a +0 pair of gloves (worn)
 h - a +0 chain mail (worn)
 x - a +0 buckler (worn)
Jewellery
 m - an amulet of guardian spirit
 q - an amulet of regeneration (around neck)
 t - a ring of positive energy (left hand)
Wands
 c - a wand of flame (7) (quivered)
 d - a wand of charming (15)
 e - a wand of iceblast (5)
Scrolls
 f - 3 scrolls of amnesia {unknown}
 l - 5 scrolls of teleportation {unknown}
 n - 4 scrolls of identify {unknown}
 o - 2 scrolls of fog {unknown}
 p - 3 scrolls of noise {unknown}
 u - a scroll of torment {unknown}
 v - a scroll of poison {unknown}
 z - a scroll of blinking {unknown}
 B - a scroll of enchant weapon {unknown}
 D - a scroll of enchant armour {unknown}
Potions
 j - a potion of degeneration {unknown}
 k - 5 potions of invisibility {unknown}
 r - a potion of mutation {unknown}
 s - 2 potions of heal wounds {unknown}
 w - 2 potions of curing {unknown}
 E - a potion of enlightenment {unknown}


   Skills:
 + Level 3.7 Fighting
 + Level 2.6 Short Blades
 + Level 2.6 Long Blades
 + Level 2.6 Axes
 + Level 2.6 Maces & Flails
 + Level 2.6 Polearms
 + Level 2.6 Staves
 + Level 2.6 Ranged Weapons
 + Level 2.6 Throwing
 + Level 5.3 Armour
 + Level 3.7 Dodging
 + Level 3.5 Stealth
 + Level 2.6 Shields
 + Level 2.6 Unarmed Combat
 + Level 2.6 Spellcasting
 + Level 2.1 Conjurations
 + Level 2.1 Hexes
 + Level 2.1 Summonings
 + Level 2.1 Necromancy
 + Level 2.1 Translocations
 + Level 2.1 Transmutations
 + Level 2.1 Fire Magic
 + Level 2.1 Ice Magic
 + Level 2.1 Air Magic
 + Level 2.1 Earth Magic
 + Level 2.1 Poison Magic
 + Level 2.9 Invocations
 + Level 7.1 Evocations
 + Level 2.1 Shapeshifting


You had 11 spell levels left.
You didn't know any spells.
Your spell library contained the following spells:

 Spells                   Type           Power      Damage    Failure   Level
 Apportation              Tloc           14%        N/A       98%         1
 Sting                    Tmut/Pois      28%        1d4       98%         1
 Cigotuvi's Dreadful Rot  Necr/Pois/Air  14%        N/A       99%         2
 Lesser Beckoning         Tloc           14%        N/A       99%         2
 Poisonous Vapours        Pois/Air       14%        N/A       99%         2
 Gell's Gravitas          Tloc           7%         N/A       100%        3
 Inner Flame              Hex/Fire       7%         N/A       100%        3
 Mephitic Cloud           Conj/Pois/Air  7%         N/A       100%        3
 Teleport Other           Tloc           7%         N/A       100%        3
 Dispel Undead            Necr           7%         3d8       100%        4
 Olgreb's Toxic Radiance  Pois           7%         N/A       100%        4
 Alistair's Intoxication  Tmut/Pois      4%         N/A       100%        5
 Freezing Cloud           Conj/Ice/Air   3%         6-21      100%        5
 Yara's Violent Unravell  Hex/Tmut       3%         3d4       100%        5
 Death Channel            Necr           3%         N/A       100%        6
 Enfeeble                 Hex            3%         N/A       100%        7


Dungeon Overview and Level Annotations

Branches:
Dungeon (4/15)
 Temple: D:4-7

Altars:
Ashenzari
Makhleb
Nemelex Xobeh
Wu Jian

Shops:
D:1 *


Innate Abilities, Weirdness & Mutations

You have very sharp teeth.
Your uncanny sense of smell can sniff out nearby items.
Your experience applies equally to all skills.


Message History

You start resting.
HP restored.
You start waiting.
Done waiting.
You start waiting.
Done waiting.
There is a stone staircase leading down, spattered with blood here.
You see here a yak skeleton.
You see here a +0 dagger.
There is a stone staircase leading down here.
There is a stone staircase leading down here.
You climb downwards.
There is a stone staircase leading up here.
Things that are here:
3 stones; a +0 whip
There is a stone staircase leading down here.
There is a stone staircase leading down here.
The yak bellows!
The yak gores you.
You hit the yak but do no damage. Your bite misses the yak. The yak gores you.
The yak attacks as you move away! The yak barely misses you.
The yak attacks as you move away! The yak gores you.
The yak attacks as you move away! The yak completely misses you.
The yak attacks as you move away! The yak gores you.
The yak attacks as you move away! The yak gores you.
The yak attacks as you move away! The yak gores you!
The yak attacks as you move away! The yak gores you but does no damage.
The yak attacks as you move away! The yak gores you.
The yak attacks as you move away! The yak gores you but does no damage.
The yak attacks as you move away! The yak gores you!
There is a stone staircase leading up, spattered with blood here.
You can't go down here!
The yak gores you!
You climb upwards.
There is a stone staircase leading down, spattered with blood here.
You barely miss the yak. The yak gores you!
* * * LOW HITPOINT WARNING * * *
You block the yak's attack.
You closely miss the yak. The yak gores you!
You die...

#.........##.#.# ##.#.#
#.........#.#.## #.#.##
#..........#.#.#####.#.##
#...............#.#.....#
#####.#####....#.#.....#.
#.# #.....#.#.....#
#.#####....#.#.....#.
####.##.[..#.#####.#.###
#......@Y.#.#.# ##.#.#
#.....####.#.## #.#.##
#.....# ##.#.#####.#.##
#.....####.....#.#.....#
#........#....#.#.....#.
########.#.....#.#.....#
#......#.#.....#.
##..#.#####.#.### ###.#.#
##.#.#


You could see a yak.

Vanquished Creatures
  3 yaks (D:3)
  An orc priest (D:4)
  2 orc wizards (D:4)
  3 gnolls
  2 adders
  An ufetubus (D:3)
  A dart slug (D:2)
  4 worms
  6 orcs (D:3)
  3 endoplasms
  4 giant cockroaches
  4 hobgoblins
  6 quokkas
  12 ball pythons
  A bat (D:1)
  2 frilled lizards (D:2)
  9 goblins
  11 kobolds
  2 rats
77 creatures vanquished.

Notes
Turn   | Place    | Note
-------+----------+-------------------------------------------
     0 | D:1      | cforsyth the Gnoll Artificer began the quest for the Orb.
     0 | D:1      | Reached XP level 1. HP: 17/17 MP: 1/1
   258 | D:1      | Found Gaistiem's General Store.
   293 | D:1      | Reached XP level 2. HP: 9/23 MP: 2/2
   790 | D:1      | Reached XP level 3. HP: 28/28 MP: 3/3
  1098 | D:2      | Reached skill level 1 in Invocations
  1508 | D:2      | Found a faded altar of an unknown god.
  1517 | D:2      | Reached skill level 1 in Short Blades
  1517 | D:2      | Reached skill level 1 in Long Blades
  1517 | D:2      | Reached skill level 1 in Axes
  1517 | D:2      | Reached skill level 1 in Maces & Flails
  1517 | D:2      | Reached skill level 1 in Polearms
  1517 | D:2      | Reached skill level 1 in Staves
  1517 | D:2      | Reached skill level 1 in Ranged Weapons
  1517 | D:2      | Reached skill level 1 in Throwing
  1517 | D:2      | Reached skill level 1 in Shields
  1517 | D:2      | Reached skill level 1 in Unarmed Combat
  1517 | D:2      | Reached skill level 1 in Spellcasting
  1975 | D:2      | Found a faded altar of an unknown god.
  2361 | D:3      | Reached XP level 4. HP: 24/34 MP: 2/5
  2410 | D:3      | Found a burning altar of Makhleb.
  2410 | D:3      | Found a sparkling altar of Nemelex Xobeh.
  2600 | D:3      | Found an ornate altar of the Wu Jian Council.
  3123 | D:3      | Reached skill level 1 in Conjurations
  3123 | D:3      | Reached skill level 1 in Hexes
  3123 | D:3      | Reached skill level 1 in Summonings
  3123 | D:3      | Reached skill level 1 in Necromancy
  3123 | D:3      | Reached skill level 1 in Translocations
  3123 | D:3      | Reached skill level 1 in Transmutations
  3123 | D:3      | Reached skill level 1 in Fire Magic
  3123 | D:3      | Reached skill level 1 in Ice Magic
  3123 | D:3      | Reached skill level 1 in Air Magic
  3123 | D:3      | Reached skill level 1 in Earth Magic
  3123 | D:3      | Reached skill level 1 in Poison Magic
  3123 | D:3      | Reached skill level 1 in Shapeshifting
  3474 | D:4      | Reached XP level 5. HP: 10/40 MP: 6/6
  3748 | D:4      | Found a broken altar of Ashenzari.
  4410 | D:4      | Noticed a yak
  4410 | D:4      | Noticed a yak
  4410 | D:4      | Noticed a yak
  4410 | D:4      | Noticed a yak
  4410 | D:4      | Noticed a yak
  4443 | D:3      | Killed a yak
  4444 | D:3      | Reached skill level 5 in Armour
  4444 | D:3      | Reached XP level 6. HP: 6/47 MP: 7/9
  4565 | D:3      | Killed a yak
  4566 | D:3      | Reached skill level 7 in Evocations
  4566 | D:3      | Reached XP level 7. HP: 35/52 MP: 10/10
  4783 | D:3      | Killed a yak
  5132 | D:3      | Slain by a yak

Illustrated notes

Levels and vault maps discovered:
D:1:      dpeg_arrival_stonehenge_12_columns, layout_basic, serial_shops, shop,
          minmay_pentomino_x2
D:2:      layout_loops_cross, hellmonk_ecumenical_altar_lost_god
D:3:      layout_basic, nicolae_wu_jian_wuxing_cycle, jmf_multi_god_temple,
          nicolae_houndstooth_variations
D:4:      layout_layer_cave, lemuel_tele_altar, mainiacjoe_overflow_24_doors,
          uniq_crazy_yiuf_cottage

Skill      XL: |  1  2  3  4  5  6  7 |
---------------+----------------------+-----
Invocations    | 1 2 |  2.9
Short Blades   | 1 2 |  2.6
Long Blades    | 1 2 |  2.6
Axes           | 1 2 |  2.6
Maces & Flails | 1 2 |  2.6
Polearms       | 1 2 |  2.6
Staves         | 1 2 |  2.6
Ranged Weapons | 1 2 |  2.6
Throwing       | 1 2 |  2.6
Shields        | 1 2 |  2.6
Unarmed Combat | 1 2 |  2.6
Spellcasting   | 1 2 |  2.6
Conjurations   | 1 2 |  2.1
Hexes          | 1 2 |  2.1
Summonings     | 1 2 |  2.1
Necromancy     | 1 2 |  2.1
Translocations | 1 2 |  2.1
Transmutations | 1 2 |  2.1
Fire Magic     | 1 2 |  2.1
Ice Magic      | 1 2 |  2.1
Air Magic      | 1 2 |  2.1
Earth Magic    | 1 2 |  2.1
Poison Magic   | 1 2 |  2.1
Shapeshifting  | 1 2 |  2.1
Fighting       | 3 |  3.7
Dodging        | 3 |  3.7
Armour         | 5 |  5.3
Stealth        | 3 |  3.5
Evocations     | 7 |  7.1

Action                     |  1- 3 |  4- 6 |  7- 9 || total
---------------------------+-------+-------+-------++-------
  Melee: Club              |   215 |   116 |       ||   331
         Bite              |    17 |    23 |     3 ||    43
         Punch             |     3 |     1 |       ||     4
         Flail             |       |    56 |       ||    56
         Mace              |       |    48 |       ||    48
         Hand axe          |       |    43 |    16 ||    59
  Evoke: Wand              |       |     8 |       ||     8
 Armour: Chain mail        |   159 |   221 |     6 ||   386
         Leather armour    |     1 |       |       ||     1
  Dodge: Dodged            |    77 |    92 |     5 ||   174
  Block: Buckler           |       |    44 |     3 ||    47

Table legend: (Time is in decaauts)
 A = Elapsed time spent in this place.
 B = Non-inter-level travel time spent in this place.
 C = Inter-level travel time spent in this place.
 D = Time resting spent in this place.
 E = Time spent auto-exploring this place.
 F = Levels seen in this place.
 G = Mean time per level.
                   A        B        C        D        E       F      G
               +--------+--------+--------+--------+--------+-----+--------+
         Total |   5282 |   5011 |    271 |    719 |   2852 |   4 | 1320.5 |
       Dungeon |   5282 |   5011 |    271 |    719 |   2852 |   4 | 1320.5 |
               +--------+--------+--------+--------+--------+-----+--------+

Top non-repeatable levels by time:
     D:3: 2211 daAuts
     D:2: 1313 daAuts
     D:1: 1065 daAuts
     D:4: 691 daAuts
